 Dungeon Crawl Stone Soup version 0.30-a0-1163-gf69bf04e7a (webtiles) character file.

Game seed: 11644416659419626784

1752 NateTC the Conjurer (level 8, 0/41 HPs)
             Began as a Deep Elf Earth Elementalist on Apr 28, 2023.
             Was a Follower of Vehumet.
             Succumbed to a killer bee's poison
             ... on level 6 of the Dungeon on Apr 29, 2023.
             The game lasted 00:24:03 (5595 turns).

NateTC the Conjurer (Deep Elf Earth Elementalist)   Turns: 5595, Time: 00:24:04

Health: 0/41       AC: 12    Str:  4 (5)  XL:     8   Next: 78%
Magic:  16/20      EV: 12    Int: 20 (23) God:    Vehumet [*.....]
Gold:   277        SH:  0    Dex: 12 (15) Spells: 7/21 levels left

rFire   . . .        r - staff of earth
rCold   . . .        (no shield)
rNeg    . . .        a - +0 robe
rPois   .            p - +2 helmet
rElec   .            f - +0 cloak
rCorr   .            u - +0 pair of gloves
SInv    .            h - +0 pair of boots
Will    .....        t - amulet of magic regeneration
Stlth   ++           d - ring of wizardry
HPRegen 0.26/turn    k - +4 ring of protection
MPRegen 0.57/turn

%: wizardry (x1)
@: lethally poisoned (0 -> -5)
A: no striking features
a: Renounce Religion


You were on level 6 of the Dungeon.
You worshipped Vehumet.
Vehumet was aware of your devotion.
You visited 1 branch of the dungeon, and saw 7 of its levels.

You collected 277 gold pieces.

Inventory:

Missiles
 n - 2 throwing nets
Armour
 a - a +0 robe (worn)
 f - a +0 cloak (worn)
 h - a +0 pair of boots (worn)
 p - a +2 helmet (worn)
 u - a +0 pair of gloves (worn)
Magical Staves
 r - a staff of earth (weapon)
Jewellery
 d - a ring of wizardry (left hand)
 k - a +4 ring of protection (right hand)
 t - an amulet of magic regeneration (around neck)
Wands
 o - a wand of acid (18)
 v - a wand of polymorph (3)
Scrolls
 q - 2 scrolls of enchant armour
Potions
 b - 2 potions of magic
 e - a potion of curing {unknown}
 g - a potion of resistance {unknown}
 i - 3 potions of mutation {unknown}
 j - a potion of brilliance {unknown}
 l - 2 potions of ambrosia {unknown}
 m - a potion of degeneration


   Skills:
 - Level 2.4 Dodging
 - Level 2.4 Stealth
 + Level 7.2 Spellcasting
 * Level 7.8 Conjurations
 * Level 6.8 Transmutations
 - Level 4.9 Earth Magic


You had 7 spell levels left.
You knew the following spells:

 Your Spells              Type           Power      Damage    Failure   Level
a - Sandblast             Erth           80%        2d17      1%          1
b - Stone Arrow           Conj/Erth      98%        3d13      1%          3
c - Irradiate             Conj/Tmut      18%        3d17      5%          5
d - Freezing Cloud        Conj/Ice/Air   8%         6-21      32%         5

Your spell library contained the following spells:

 Spells                   Type           Power      Damage    Failure   Level
 Kiss of Death            Conj/Necr      88%        2d12      1%          1
 Shock                    Conj/Air       88%        1d8       1%          1
 Passwall                 Tmut/Erth      38%        N/A       1%          2
 Petrify                  Tmut/Erth      46%        N/A       3%          4
 Ignite Poison            Fire/Tmut/Pois 16%        N/A       4%          3
 Cigotuvi's Dreadful Rot  Necr/Pois/Air  14%        N/A       6%          2
 Sublimation of Blood     Necr           7%         N/A       6%          2
 Swiftness                Air            7%         N/A       12%         3
 Airstrike                Air            3%         2d(1-17)  34%         4


Dungeon Overview and Level Annotations

Branches:
Dungeon (7/15) Zot: 26981  Temple (0/1) D:6

Altars:
Makhleb
Ru
Uskayaw
Vehumet
Wu Jian
Zin

Shops:
D:2 [   D:4 (


Message History

Confirm with . or Enter, or press ? or * to list all spells.
Aiming: Sandblast (safe; 1% risk of failure)
Press: ? - help, Shift-Dir - straight line, f/p - killer bee
Aim: a killer bee (heavily wounded, 69% to hit)
You feel a surge of power!
The blast of sand hits the killer bee!
You kill the killer bee!
Vehumet accepts your kill.
* * * LOW HITPOINT WARNING * * *
You feel very sick. The killer bee closely misses you.
The killer bee misses you.
Casting: Sandblast (safe; 1% risk of failure)
Confirm with . or Enter, or press ? or * to list all spells.
Aiming: Sandblast (safe; 1% risk of failure)
Press: ? - help, Shift-Dir - straight line, f - killer bee
Aim: a killer bee (69% to hit)
You feel a surge of power!
The blast of sand hits the killer bee!
The killer bee is almost dead.
* * * LOW HITPOINT WARNING * * *
You feel very sick. The killer bee barely misses you.
The killer bee stings you.
* * * LOW HITPOINT WARNING * * *
The killer bee closely misses you.
Okay, then.
Casting: Sandblast (safe; 1% risk of failure)
Confirm with . or Enter, or press ? or * to list all spells.
Aiming: Sandblast (safe; 1% risk of failure)
Press: ? - help, Shift-Dir - straight line, f/p - killer bee
Aim: a killer bee (almost dead, 69% to hit)
You feel a surge of power!
The blast of sand hits the killer bee!
You kill the killer bee!
Vehumet accepts your kill.
You can now gain magical power from killing.
Vehumet offers you knowledge of Kiss of Death.
* * * LOW HITPOINT WARNING * * *
You feel very sick.
Okay, then.
It was a potion of degeneration.
There was something very wrong with that liquid.
You feel weakened.
You feel dopey.
You feel clumsy.
You die...

####################
.#.................#
.+.................#
.##..##...........##
###..##.[.##..##..##
.....##...##..##@..#
.....#.........#...#
.....#.........#..##
.....#.........#..##
.....#.........#...#
###..##........#...#
###..##...######..##
.....#....##..##..#
####
.....#.....#......#
####### ##≈≈#


There were no monsters in sight!

Vanquished Creatures
  A water moccasin (D:6)
  An ice beast (D:5)
  A black bear (D:4)
  A sky beast (D:6)
  An ogre (D:4)
  A centaur (D:6)
  2 phantoms
  Blork the orc (D:6)
  2 scorpions
  3 wights (D:5)
  3 killer bees (D:6)
  A gnoll bouda (D:6)
  2 hounds (D:5)
  An orc priest (D:6)
  An iguana (D:5)
  A sleepcap (D:5)
  Terence (D:2)
  2 orc wizards (D:6)
  A statue (D:5)
  12 gnolls
  10 adders
  A white imp (D:5)
  3 worms
  5 dart slugs
  3 orcs
  10 ball pythons
  6 endoplasms
  3 giant cockroaches
  10 goblins
  9 hobgoblins
  11 jackals
  6 kobolds
  4 quokkas
  4 bats (D:1)
  A frilled lizard (D:1)
  6 rats
131 creatures vanquished.

Notes
Turn   | Place    | Note
-------+----------+-------------------------------------------
     0 | D:1      | NateTC the Deep Elf Earth Elementalist began the quest for
                  | the Orb.
     0 | D:1      | Reached XP level 1. HP: 10/10 MP: 6/6
   120 | D:1      | Reached skill level 1 in Conjurations
   234 | D:1      | Reached XP level 2. HP: 8/15 MP: 4/8
   482 | D:1      | Reached XP level 3. HP: 19/19 MP: 7/9
   864 | D:2      | Learned a level 3 spell: Stone Arrow
  1113 | D:2      | Noticed Terence
  1131 | D:2      | Killed Terence
  1132 | D:2      | Reached XP level 4. HP: 15/24 MP: 2/11
  1304 | D:2      | Found Kasaith's Armour Shop.
  1304 | D:2      | Noticed an animated storm dragon scales
  1305 | D:2      | Noticed an animated pearl dragon scales
  1495 | D:2      | Found a hide-covered altar of Uskayaw.
  2121 | D:3      | Reached XP level 5. HP: 28/28 MP: 10/13
  2237 | D:3      | Found a burning altar of Makhleb.
  2522 | D:3      | Found a faded altar of an unknown god.
  2868 | D:4      | Noticed a black bear
  2882 | D:4      | Noticed a phantom
  2885 | D:4      | Killed a phantom
  2886 | D:4      | Reached XP level 6. HP: 32/32 MP: 5/14
  2972 | D:4      | Learned a level 5 spell: Irradiate
  2980 | D:4      | Found a sacrificial altar of Ru.
  3013 | D:4      | Learned a level 5 spell: Freezing Cloud
  3306 | D:4      | Found Peggeoz's Weapon Emporium.
  3342 | D:4      | Reached skill level 5 in Spellcasting
  3643 | D:5      | Entered Level 5 of the Dungeon
  3646 | D:5      | Reached skill level 5 in Conjurations
  3646 | D:5      | Reached XP level 7. HP: 36/36 MP: 13/16
  3696 | D:5      | Found a glowing silver altar of Zin.
  4192 | D:5      | Found an ornate altar of the Wu Jian Council.
  4293 | D:5      | Found a radiant altar of Vehumet.
  4345 | D:5      | Became a worshipper of Vehumet
  4362 | D:5      | Reached skill level 5 in Transmutations
  4364 | D:5      | Reached XP level 8. HP: 41/41 MP: 8/19
  5174 | D:6      | Noticed Blork the orc
  5178 | D:6      | Killed Blork the orc
  5466 | D:6      | Found a staircase to the Ecumenical Temple.
  5594 | D:6      | Reached * piety under Vehumet
  5594 | D:6      | Offered knowledge of Kiss of Death by Vehumet.
  5594 | D:6      | HP: 1/41 [poisoned by a killer bee]
  5595 | D:6      | Succumbed to a killer bee's poison

Illustrated notes

Levels and vault maps discovered:
D:1:      grunt_arrival_crossed_arrows, layout_loops_cross
D:2:      minmay_spotlight, layout_basic, serial_shops, nicolae_shop_mannequins,
          basic_altar, minmay_3d_cube, uniq_terence
D:3:      layout_basic, mainiacjoe_overflow_tiny_flanked,
          ebering_ecumenical_altar_ruins
D:4:      layout_basic, mainiacjoe_overflow_24_doors, serial_shops, shop
D:5:      layout_layer_cave, mainiacjoe_overflow_concentric_impassable,
          nicolae_wu_jian_immortal_techniques, vehumet_statue
D:6:      dreamdust_elfheim, layout_gridville, minmay_temple_entry_fiery,
          uniq_blork_the_orc
D:7:      layout_layer_cave, mainiacjoe_overflow_paths,
          nemelex_xobeh_ov_fountains_minmay, grunt_decor_arrowhead,
          kennysheep_generic_room_3

Skill      XL: |  1  2  3  4  5  6  7  8 |
---------------+-------------------------+-----
Conjurations   | 1 2 3 4 5 6 7 |  7.8
Transmutations | 2 3 5 6 |  6.8
Earth Magic    | 4 |  4.9
Spellcasting   | 4 5 6 7 |  7.2
Dodging        | |  2.4
Stealth        | |  2.4

Action                     |  1- 3 |  4- 6 |  7- 9 || total
---------------------------+-------+-------+-------++-------
  Melee: Unarmed           |       |     1 |       ||     1
   Cast: Sandblast         |    58 |    65 |    43 ||   166
         Stone Arrow       |       |    10 |    26 ||    36
    Use: Scroll            |     7 |     1 |     3 ||    11
         Potion            |     1 |       |     2 ||     3
 Armour: Robe              |    12 |     7 |    28 ||    47
  Dodge: Dodged            |    31 |    26 |    45 ||   102

Table legend: (Time is in decaauts)
 A = Elapsed time spent in this place.
 B = Non-inter-level travel time spent in this place.
 C = Inter-level travel time spent in this place.
 D = Time resting spent in this place.
 E = Time spent auto-exploring this place.
 F = Levels seen in this place.
 G = Mean time per level.
                   A        B        C        D        E       F      G
               +--------+--------+--------+--------+--------+-----+--------+
         Total |   5677 |   5562 |    115 |   1122 |   1821 |   7 |  811.0 |
       Dungeon |   5677 |   5562 |    115 |   1122 |   1821 |   7 |  811.0 |
               +--------+--------+--------+--------+--------+-----+--------+

Top non-repeatable levels by time:
     D:5: 1115 daAuts
     D:2: 1109 daAuts
     D:4: 921 daAuts
     D:6: 855 daAuts
     D:1: 844 daAuts
     D:3: 827 daAuts
     D:7: 4 daAuts
